 Dungeon Crawl Stone Soup version 0.21.1-1-g345015f (webtiles) character file.

136 theblackcape the Charmwright (level 5, -2/43 HPs)
             Began as a Gnoll Skald on July 14, 2018.
             Slain by an orc priest (3 damage)
             ... on level 3 of the Dungeon.
             The game lasted 00:06:56 (2276 turns).

theblackcape the Charmwright (Gnoll Skald)          Turns: 2276, Time: 00:06:58

Health: -2/43      AC:  3    Str: 14    XL:     5   Next: 19%
Magic:  0/12       EV: 14    Int: 15    God:
Gold:   132        SH:  0    Dex: 15    Spells: 9/14 levels left

rFire    . . .     SeeInvis .   a - +0 falchion
rCold    . . .     Gourm    .   (no shield)
rNeg     . . .     Faith    .   b - +0 leather armour
rPois    .         Spirit   +   (no helmet)
rElec    .         Reflect  .   k - scarf {Spirit}
rCorr    .         Harm     .   (no gloves)
MR       .....                  (no boots)
Stlth    ++........             (no amulet)
HPRegen  0.14/turn              (no ring)
MPRegen  0.13/turn              (no ring)

@: lethally poisoned (-2 -> -2), infused, singing
A: distributed training, fangs 1, strong nose
a: no special abilities


You were on level 3 of the Dungeon.
You were not hungry.

You visited 1 branch of the dungeon, and saw 3 of its levels.

You collected 132 gold pieces.

Inventory:

Hand Weapons
 a - a +0 falchion (weapon)
Missiles
 l - 7 tomahawks (quivered)
Armour
 b - a +0 leather armour (worn)
 k - a scarf of spirit shield (worn)
Scrolls
 e - 2 scrolls of remove curse {unknown}
 g - a scroll of fog {unknown}
 h - 2 scrolls of magic mapping {unknown}
 i - 2 scrolls of identify {unknown}
 m - a scroll of immolation {unknown}
 p - a scroll of teleportation {unknown}
Potions
 j - 3 potions of agility {unknown}
 n - a potion of curing {unknown}
 o - a potion of brilliance {unknown}
 q - a potion of heal wounds {unknown}
Books
 c - a book of Battle

   Spells                             Type                      Level
   a - Infusion                       Charms                       1
   b - Shroud of Golubria             Charms/Translocation         2
   c - Song of Slaying                Charms                       2
   d - Spectral Weapon                Hexes/Charms                 3
   e - Regeneration                   Charms/Necromancy            3
Comestibles
 d - 3 rations
 f - a chunk of flesh


   Skills:
 + Level 4.7 Fighting
 + Level 1.3 Short Blades
 + Level 4.7 Long Blades
 + Level 1.3 Axes
 + Level 1.3 Maces & Flails
 + Level 1.3 Polearms
 + Level 1.3 Staves
 + Level 1.3 Slings
 + Level 1.3 Bows
 + Level 1.3 Crossbows
 + Level 1.3 Throwing
 + Level 2.9 Armour
 + Level 4.7 Dodging
 + Level 1.3 Stealth
 + Level 1.3 Shields
 + Level 1.3 Unarmed Combat
 + Level 5.1 Spellcasting
 + Level 1.1 Conjurations
 + Level 1.1 Hexes
 + Level 5.5 Charms
 + Level 1.1 Summonings
 + Level 1.1 Necromancy
 + Level 1.1 Translocations
 + Level 1.1 Transmutations
 + Level 1.1 Fire Magic
 + Level 1.1 Ice Magic
 + Level 1.1 Air Magic
 + Level 1.1 Earth Magic
 + Level 1.1 Poison Magic
 + Level 1.5 Invocations
 + Level 1.3 Evocations


You had 9 spell levels left.
You knew the following spells:

 Your Spells              Type           Power        Failure   Level  Hunger
a - Infusion              Chrm           ###.         1%          1    None
b - Shroud of Golubria    Chrm/Tloc      ##........   8%          2    ##.....
c - Song of Slaying       Chrm           ###.....     3%          2    ##.....


Dungeon Overview and Level Annotations

Branches:
Dungeon (3/15)

Altars:
Elyvilon
Fedhas
Kikubaaqudgha
Nemelex Xobeh
Okawaru


Innate Abilities, Weirdness & Mutations

Your experience applies equally to all skills.
You have very sharp teeth.
Your uncanny sense of smell can sniff out nearby items.


Message History

You hit the orc priest. You bite the orc priest.
The orc priest is severely wounded.
The orc priest mumbles some strange prayers to Beogh against you.
Beogh smites you!
* * * LOW HITPOINT WARNING * * *
You hit the orc priest but do no damage.
The orc priest is severely wounded.
You feel sick. The orc priest barely misses you.
You riposte.
You hit the orc priest but do no damage.
The orc priest is severely wounded.
You closely miss the orc priest.
The orc priest is severely wounded.
The orc priest closely misses you.
You hit the orc priest but do no damage.
The orc priest is severely wounded.
The orc priest hits you.
* * * LOW HITPOINT WARNING * * *
The orc wizard looks encouraged for a moment.
The orc priest hits you.
You die...

#........# ####.#.#.)).....
######...# #......[#####)..
#...# #........####..# #...#
#.....).......>. #...#
#....)...#....## #...#
####'##.#_#...# .. #####
#.##..#..###
....#################.##.....#
...o.$......oooo@.....########
..^.################### ..


You could see an orc priest, an orc wizard and 2 orcs.

Vanquished Creatures
  5 adders
  3 oozes
  A worm (D:2)
  2 dart slugs (D:1)
  2 leopard geckos
  An orc (D:3)
  A ball python (D:2)
  6 bats
  2 giant cockroaches (D:1)
  10 goblins
  8 hobgoblins
  4 jackals (D:3)
  10 kobolds
  2 frilled lizards
  11 rats
68 creatures vanquished.

Notes
Turn   | Place    | Note
-------+----------+-------------------------------------------
     0 | D:1      | theblackcape the Gnoll Skald began the quest for the Orb.
     0 | D:1      | Reached XP level 1. HP: 20/20 MP: 6/6
     0 | D:1      | Noticed a naga
     0 | D:1      | Noticed a centaur
     0 | D:1      | Noticed a felid
     1 | D:1      | Noticed a ghoul
     3 | D:1      | Noticed an ogre
     3 | D:1      | Noticed an octopode
     5 | D:1      | Noticed a formicid
     6 | D:1      | Noticed a centaur
     7 | D:1      | Noticed a naga
    11 | D:1      | Noticed a troll
    13 | D:1      | Noticed an octopode
    13 | D:1      | Noticed a centaur
    15 | D:1      | Noticed a minotaur
    17 | D:1      | Noticed a felid
    17 | D:1      | Noticed a felid
    19 | D:1      | Noticed a naga
    19 | D:1      | Noticed an elf
    21 | D:1      | Noticed a troll
    52 | D:1      | Reached XP level 2. HP: 26/26 MP: 1/7
   242 | D:1      | Reached XP level 3. HP: 29/31 MP: 5/9
   330 | D:1      | Learned a level 2 spell: Shroud of Golubria
   333 | D:1      | Learned a level 2 spell: Song of Slaying
   343 | D:1      | Reached skill level 5 in Spellcasting
   473 | D:1      | Reached skill level 1 in Invocations
   654 | D:2      | Found an iron altar of Okawaru.
   780 | D:2      | Reached skill level 1 in Short Blades
   780 | D:2      | Reached skill level 1 in Axes
   780 | D:2      | Reached skill level 1 in Maces & Flails
   780 | D:2      | Reached skill level 1 in Polearms
   780 | D:2      | Reached skill level 1 in Staves
   780 | D:2      | Reached skill level 1 in Slings
   780 | D:2      | Reached skill level 1 in Bows
   780 | D:2      | Reached skill level 1 in Crossbows
   780 | D:2      | Reached skill level 1 in Throwing
   780 | D:2      | Reached skill level 1 in Stealth
   780 | D:2      | Reached skill level 1 in Shields
   780 | D:2      | Reached skill level 1 in Unarmed Combat
   780 | D:2      | Reached skill level 1 in Evocations
   806 | D:2      | Found a blossoming altar of Fedhas.
   809 | D:2      | Found an ancient bone altar of Kikubaaqudgha.
   943 | D:2      | Reached XP level 4. HP: 33/38 MP: 11/11
   951 | D:2      | Found a sparkling altar of Nemelex Xobeh.
   955 | D:2      | Found a white marble altar of Elyvilon.
  1871 | D:3      | Reached skill level 1 in Conjurations
  1871 | D:3      | Reached skill level 1 in Hexes
  1871 | D:3      | Reached skill level 1 in Summonings
  1871 | D:3      | Reached skill level 1 in Necromancy
  1871 | D:3      | Reached skill level 1 in Translocations
  1871 | D:3      | Reached skill level 1 in Transmutations
  1871 | D:3      | Reached skill level 1 in Fire Magic
  1871 | D:3      | Reached skill level 1 in Ice Magic
  1871 | D:3      | Reached skill level 1 in Air Magic
  1871 | D:3      | Reached skill level 1 in Earth Magic
  1871 | D:3      | Reached skill level 1 in Poison Magic
  1975 | D:3      | Reached XP level 5. HP: 34/43 MP: 0/12
  2209 | D:3      | Found a faded altar of an unknown god.
  2276 | D:3      | HP: 1/43 [orc priest (3)]
  2276 | D:3      | Slain by an orc priest

Skill      XL: |  1  2  3  4 |
---------------+-------------+-----
Spellcasting   | 5 |  5.1
Invocations    | 1 |  1.5
Short Blades   | 1 |  1.3
Axes           | 1 |  1.3
Maces & Flails | 1 |  1.3
Polearms       | 1 |  1.3
Staves         | 1 |  1.3
Slings         | 1 |  1.3
Bows           | 1 |  1.3
Crossbows      | 1 |  1.3
Throwing       | 1 |  1.3
Stealth        | 1 |  1.3
Shields        | 1 |  1.3
Unarmed Combat | 1 |  1.3
Evocations     | 1 |  1.3
Conjurations   | 1 |  1.1
Hexes          | 1 |  1.1
Summonings     | 1 |  1.1
Necromancy     | 1 |  1.1
Translocations | 1 |  1.1
Transmutations | 1 |  1.1
Fire Magic     | 1 |  1.1
Ice Magic      | 1 |  1.1
Air Magic      | 1 |  1.1
Earth Magic    | 1 |  1.1
Poison Magic   | 1 |  1.1
Fighting       | |  4.7
Long Blades    | |  4.7
Armour         | |  2.9
Dodging        | |  4.7
Charms         | |  5.5

Action                   |  1- 3 |  4- 6 || total
-------------------------+-------+-------++-------
Melee: Falchion          |    75 |    87 ||   162
       Bite              |    12 |    13 ||    25
 Cast: Infusion          |     6 |     9 ||    15
       Song of Slaying   |     2 |     4 ||     6
       Shroud of Golubri |     1 |     5 ||     6
 Stab: Sleeping          |       |     1 ||     1
  Eat: Chunk             |       |     5 ||     5
Armor: Leather armour    |    20 |     8 ||    28
Dodge: Dodged            |    56 |    50 ||   106
       Rpst.: Falchion   |    21 |    14 ||    35
